 Dungeon Crawl Stone Soup version 0.30-a0-34-gbe8da3892a (webtiles) character file.

Game seed: 16952307879085147522

317 ytrimaz the Insei (level 6, -1/38 HPs)
             Began as an Octopode Transmuter on Aug 28, 2022.
             Slain by Terence
             ... wielding a +1 hand axe of electrocution
              (3 damage)
             ... on level 3 of the Dungeon.
             The game lasted 00:03:57 (3963 turns).

ytrimaz the Insei (Octopode Transmuter)             Turns: 3963, Time: 00:03:57

Health: -1/38      AC:  2    Str: 10    XL:     6   Next: 45%
Magic:  8/10       EV: 19    Int: 17    God:
Gold:   92         SH:  0    Dex: 17    Spells: 1/11 levels left

rFire   . . .      SeeInvis .      - Unarmed
rCold   . . .      Faith    .    (shield currently unavailable)
rNeg    . . .      Spirit   .    (helmet currently unavailable)
rPois   x          Reflect  .    (no amulet)
rElec   .          Harm     .    (no ring)
rCorr   .          Rampage  .    (no ring)
Will    .....                    (no ring)
Stlth   ++........               (no ring)
HPRegen 0.12/turn                (no ring)
MPRegen 0.12/turn                (no ring)
                                 (no ring)
                                 (no ring)

@: spider-form (expiring)
A: venomous fangs, almost no armour, (amphibious), 8 rings, tiny, (camouflage
1), (gelatinous body 1), (nimble swimmer 1), (tentacles)
a: End Transformation


You were on level 3 of the Dungeon.
You were a venomous arachnid creature.
You visited 1 branch of the dungeon, and saw 3 of its levels.

You collected 92 gold pieces.

Inventory:

Scrolls
 d - 3 scrolls of teleportation
 e - a scroll of amnesia
 f - 2 scrolls of fear
 i - a scroll of brand weapon
Potions
 b - a potion of haste {unknown}
 c - 2 potions of might
 h - a potion of mutation {unknown}


   Skills:
 - Level 1.0 Fighting
 - Level 2.0 Dodging
 - Level 4.3 Unarmed Combat
 + Level 3.2 Spellcasting
 + Level 3.5 Transmutations
 * Level 0.0 Ice Magic
 - Level 4.0 Poison Magic


You had one spell level left.
You knew the following spells:

 Your Spells              Type           Power      Damage    Failure   Level
a - Beastly Appendage     Tmut           28%        N/A       13%         1
b - Wereblood             Tmut           14%        N/A       17%         2
c - Spider Form           Tmut/Pois      15%        N/A       26%         3
d - Ice Form              Ice/Tmut       8%         N/A       82%         4

Your spell library contained the following spells:

 Spells                   Type           Power      Damage    Failure   Level
 Necrotise                Necr           8%         1d4       36%         1
 Sandblast                Erth           4%         2d4       36%         1
 Passwall                 Tmut/Erth      6%         N/A       28%         2
 Gell's Gravitas          Tloc           2%         N/A       67%         3
 Lesser Beckoning         Tloc           2%         N/A       67%         3
 Stone Arrow              Conj/Erth      4%         3d7       67%         3
 Teleport Other           Tloc           2%         N/A       67%         3
 Vampiric Draining        Necr           2%         2d6       67%         3
 Agony                    Necr           2%         N/A       100%        5


Dungeon Overview and Level Annotations

Branches:
Dungeon (3/15)

Altars:
Okawaru
Qazlal
Uskayaw

Annotations:
D:3 Terence


Innate Abilities, Weirdness & Mutations

You are a venomous arachnid creature.
You have poisonous fangs.
You are tiny and dextrous.
Your spellcasting is less reliable in this form.
Your armour is entirely melded.
You are incapable of wielding weapons or throwing items.
You cannot wear most types of armour.
((You are amphibious.))
You can wear up to eight rings at the same time.
((Your skin changes colour to match your surroundings (Stealth+).))
((Your rubbery body absorbs attacks. (AC +1, EV +1)))
((You are camouflaged when in or above water. (Stealth+)))
((You have tentacles for arms and can constrict up to eight enemies at once.))


Message History

No target in view!
No target in view!
Your transformation is almost over.
Your transformation has ended.
You now have 92 gold pieces (gained 13).
Terence the Incautious comes into view.
He is wielding a +1 hand axe of electrocution and wearing a +1 chain mail of positive energy.
Terence is nearby!
Terence is nearby!
Casting: Spider Form (dangerous; 11% risk of failure)
Confirm with . or Enter, or press ? or * to list all spells.
You turn into a venomous arachnid creature.
Unknown command.
The helpless Terence fails to defend himself.
You hit Terence but do no damage.
Terence is poisoned.
You hit Terence.
Terence looks as sick as possible!
Terence is lightly wounded.
Terence hits you with a +1 hand axe of electrocution!
You are electrocuted!
You hit Terence but do no damage.
Terence is moderately wounded.
Terence closely misses you.
You hit Terence.
Terence is severely wounded.
Terence closely misses you.
You hit Terence but do no damage.
Terence looks as sick as possible!
Terence is severely wounded.
Terence barely misses you.
You hit Terence but do no damage.
Terence looks as sick as possible!
Terence is severely wounded.
Terence hits you with a +1 hand axe of electrocution.
You hit Terence.
Terence looks as sick as possible!
Terence is severely wounded.
Your transformation is almost over.
Terence hits you with a +1 hand axe of electrocution!
You are electrocuted!
* * * LOW HITPOINT WARNING * * *
You hit Terence.
Terence looks as sick as possible!
Terence is almost dead.
Terence hits you with a +1 hand axe of electrocution.
You die...

############
#...s@......
#.########## ####.#
##....########
#............# ####
###............#.....#
#...
...............#....)#
#...
...............#.....#
#...
.........#######.....#
#...


You could see Terence (extremely poisoned).

Vanquished Creatures
  Grinder (D:3)
  3 gnolls (D:2)
  2 adders (D:2)
  2 worms (D:2)
  A dart slug (D:1)
  4 orcs (D:3)
  7 ball pythons
  5 bats
  4 endoplasms (D:1)
  A giant cockroach (D:1)
  9 goblins
  3 hobgoblins
  7 jackals (D:2)
  4 kobolds
  3 quokkas
  2 frilled lizards (D:2)
  8 rats
66 creatures vanquished.

Notes
Turn   | Place    | Note
-------+----------+-------------------------------------------
     0 | D:1      | ytrimaz the Octopode Transmuter began the quest for the
                  | Orb.
     0 | D:1      | Reached XP level 1. HP: 13/13 MP: 3/3
   189 | D:1      | Reached XP level 2. HP: 2/18 MP: 5/5
   858 | D:1      | Reached XP level 3. HP: 23/23 MP: 6/6
  1222 | D:1      | Learned a level 2 spell: Wereblood
  1226 | D:1      | Learned a level 3 spell: Spider Form
  1364 | D:2      | Reached skill level 1 in Poison Magic
  1674 | D:2      | Reached XP level 4. HP: 20/28 MP: 5/7
  2803 | D:2      | Found a faded altar of an unknown god.
  3266 | D:3      | Reached XP level 5. HP: 33/33 MP: 6/8
  3297 | D:3      | Found a hide-covered altar of Uskayaw.
  3298 | D:3      | Noticed a +0 dagger
  3407 | D:3      | Noticed a +0 dagger
  3473 | D:3      | Found an iron altar of Okawaru.
  3676 | D:3      | Noticed Grinder
  3681 | D:3      | Paralysed by Grinder for 5 turns
  3714 | D:3      | Killed Grinder
  3715 | D:3      | Reached XP level 6. HP: 30/38 MP: 8/10
  3720 | D:3      | Learned a level 4 spell: Ice Form
  3788 | D:3      | Identified the +1 robe of a Billion Loafs {Rampage Drain
                  | rPois}
  3817 | D:3      | Found a stormy altar of Qazlal.
  3949 | D:3      | Noticed Terence
  3963 | D:3      | Slain by Terence

Illustrated notes

Levels and vault maps discovered:
D:1:      dpeg_arrival_rooms_b, layout_basic, serial_glass, glass_columns_c,
          glass_columns_a, glass_columns_b, glass_columns_c, glass_columns_b,
          glass_columns_c, due_unseen_surprise, minmay_strange_pillars,
          minmay_tetromino_t2
D:2:      minmay_razor_zed, layout_loops_corners, ebering_ecumenical_altar_box
D:3:      layout_basic, dancing_weapons_uskayaw, lemuel_crystal_altar,
          nicolae_qazlal_scattered_showers, corexii_item_surrounded_by_moat,
          minmay_misc_feat_rugged, uniq_grinder, uniq_terence

Skill      XL: |  1  2  3  4  5 |
---------------+----------------+-----
Unarmed Combat | 4 |  4.3
Poison Magic   | 1 2 4 |  4.0
Spellcasting   | 3 |  3.2
Transmutations | 3 |  3.5
Fighting       | |  1.0
Dodging        | |  2.0

Action                   |  1- 3 |  4- 6 || total
-------------------------+-------+-------++-------
Melee: Unarmed           |    76 |    94 ||   170
       Tentacles         |    14 |     7 ||    21
       Constrict         |    20 |    11 ||    31
       Kick              |    18 |     4 ||    22
       Punch             |     1 |     4 ||     5
 Cast: Beastly Appendage |    14 |     6 ||    20
       Spider Form       |       |     6 ||     6
  Use: Scroll            |     1 |     6 ||     7
       Potion            |       |     1 ||     1
 Stab: Sleeping          |     3 |     1 ||     4
Armor: Skin              |    14 |    13 ||    27
Dodge: Dodged            |    58 |    62 ||   120

Table legend: (Time is in decaauts)
 A = Elapsed time spent in this place.
 B = Non-inter-level travel time spent in this place.
 C = Inter-level travel time spent in this place.
 D = Time resting spent in this place.
 E = Time spent auto-exploring this place.
 F = Levels seen in this place.
 G = Mean time per level.
                   A        B        C        D        E       F      G
               +--------+--------+--------+--------+--------+-----+--------+
         Total |   3949 |   3916 |     33 |    549 |   2844 |   3 | 1316.3 |
       Dungeon |   3949 |   3916 |     33 |    549 |   2844 |   3 | 1316.3 |
               +--------+--------+--------+--------+--------+-----+--------+

Top non-repeatable levels by time:
     D:2: 1804 daAuts
     D:1: 1241 daAuts
     D:3: 903 daAuts
